 Dungeon Crawl Stone Soup version 0.28-a0-10-g964c8b829e (webtiles) character file.

Game seed: 1823577577659341287

1969 tatocazan the Cleaver (level 9, -5/79 HPs)
             Began as a Minotaur Fighter on July 25, 2021.
             Slain by Pikel (15 damage)
             ... on level 6 of the Dungeon.
             The game lasted 00:05:34 (6003 turns).

tatocazan the Cleaver (Minotaur Fighter)            Turns: 6003, Time: 00:05:34

Health: -5/79      AC: 13    Str: 24    XL:     9   Next: 0%
Magic:  8/8        EV:  5    Int:  5    God:
Gold:   166        SH: 11    Dex: 10    Spells: 8/8 levels left

rFire   . . .      SeeInvis .   q - +2 hand axe
rCold   . . .      Faith    .   c - +0 kite shield
rNeg    . . .      Spirit   .   m - +0 plate armour
rPois   .          Reflect  .   (helmet restricted)
rElec   .          Harm     .   (no cloak)
rCorr   .          Rampage  .   (no gloves)
Will    .....                   (no boots)
Stlth   ..........              (no amulet)
HPRegen 0.23/turn               (no ring)
MPRegen 0.11/turn               (no ring)

@: flying
A: horns 2, retaliatory headbutt
a: no special abilities


You were on level 6 of the Dungeon.
You visited 1 branch of the dungeon, and saw 6 of its levels.

You collected 226 gold pieces.
You spent 60 gold pieces at shops.

Inventory:

Hand Weapons
 a - a +0 war axe
 q - a +2 hand axe (weapon)
Missiles
 r - a throwing net (quivered)
Armour
 b - a +0 scale mail
 c - a +0 kite shield (worn)
 d - a +0 chain mail
 g - a +0 chain mail
 m - a +0 plate armour (worn)
Wands
 o - a wand of acid (8)
 s - a wand of flame (18)
Scrolls
 e - 2 scrolls of immolation {unknown}
 h - a scroll of holy word {unknown}
 i - 2 scrolls of teleportation {unknown}
 k - 2 scrolls of enchant weapon {unknown}
 l - 3 scrolls of enchant armour {unknown}
 t - a scroll of identify {unknown}
 u - a scroll of noise {unknown}
 w - a scroll of magic mapping {unknown}
Potions
 j - a potion of invisibility {unknown}
 n - a potion of curing {unknown}
 p - 2 potions of mutation {unknown}
 v - 2 potions of lignification {unknown}
 x - a potion of berserk rage {unknown}


   Skills:
 + Level 7.3 Fighting
 * Level 9.2 Axes
 + Level 7.2 Armour
 + Level 7.2 Shields


You had 8 spell levels left.
You didn't know any spells.
Your spell library was empty.

Dungeon Overview and Level Annotations

Branches:
Dungeon (6/15)
 Temple: D:4-7

Altars:
Ashenzari
Sif Muna

Shops:
D:2 *=([

Annotations:
D:6 Pikel


Innate Abilities, Weirdness & Mutations

You have a pair of horns on your head.
You reflexively headbutt those who attack you in melee.


Message History

Pikel hits you but does no damage.
You hit Pikel.
Pikel is heavily wounded.
You hit Pikel but do no damage. You headbutt Pikel, but do no damage.
Pikel is heavily wounded.
Pikel barely misses you. You furiously retaliate!
You headbutt Pikel. You hit Pikel but do no damage.
Pikel is heavily wounded.
Pikel hits you with a +0 whip of electrocution.
You are electrocuted!
You take 14 damage, and have 33/79 hp.
You closely miss Pikel.
Pikel is heavily wounded.
Pikel waves his whip at you. You block Pikel's attack.
You hit Pikel but do no damage. Your headbutt misses Pikel.
Pikel is heavily wounded.
Pikel hits you with a +0 whip of electrocution.
You take 4 damage, and have 29/79 hp.
You closely miss Pikel.
Pikel is heavily wounded.
Pikel hits you but does no damage.
You completely miss Pikel.
Pikel is heavily wounded.
Pikel hits you with a +0 whip of electrocution.
You slash Pikel! Your headbutt misses Pikel.
Pikel is almost dead.
You block Pikel's attack.
You hit Pikel but do no damage. Your headbutt misses Pikel.
Pikel is almost dead.
Pikel hits you with a +0 whip of electrocution.
* * * LOW HITPOINT WARNING * * *
You are electrocuted!
* * * LOW HITPOINT WARNING * * *
You take 19 damage, and have 10/79 hp.
MASSIVE DAMAGE!!
It was a potion of flight.
You feel very buoyant.
You fly up into the air.
Pikel hits you but does no damage.
You are electrocuted!
You die...

.# . ##. #5. #5#
#5# #K# #@#
#.##############
##.##.........).###
#..<#.#...#<#.))...
#.#.......#...#)###
#...#.#......##.#
#####.###.#.###.#
#.......###.#
#####.(.....#


You could see Pikel and 3 lemures.

Vanquished Creatures
  Grinder (D:3)
  A hornet (D:5)
  2 water moccasins
  An orc warrior (D:6)
  An ice beast (D:5)
  A black bear (D:4)
  An ogre (D:5)
  A necrophage (D:5)
  A lemure (D:6)
  A phantom (D:5)
  7 wights
  A hound (D:3)
  A jelly (D:5)
  3 orc priests
  Terence (D:3)
  3 orc wizards
  3 iguanas
  A hound skeleton (D:5)
  3 gnolls (D:4)
  3 adders
  An adder skeleton (D:4)
  A worm (D:3)
  3 dart slugs
  12 orcs
  5 endoplasms
  3 giant cockroaches
  2 goblins
  9 hobgoblins
  19 jackals
  6 kobolds
  6 quokkas
  5 ball pythons
  A bat (D:1)
  2 frilled lizards (D:1)
  5 rats
117 creatures vanquished.

Vanquished Creatures (others)
  8 demonic plants (D:2)
  11 fungi (D:2)
  10 plants
  2 withered plants (D:2)
31 creatures vanquished.

Grand Total: 148 creatures vanquished

Notes
Turn   | Place    | Note
-------+----------+-------------------------------------------
     0 | D:1      | tatocazan the Minotaur Fighter began the quest for the Orb.
     0 | D:1      | Reached XP level 1. HP: 19/19 MP: 0/0
   251 | D:1      | Reached XP level 2. HP: 27/27 MP: 1/1
   378 | D:1      | Reached skill level 3 in Axes
   525 | D:1      | Reached XP level 3. HP: 11/33 MP: 2/2
  1323 | D:2      | Found Neoror's Armour Shop.
  1323 | D:2      | Found Viput's Jewellery Shop.
  1328 | D:2      | Found Egompoypn's Antique Weapon Emporium.
  1667 | D:2      | Found a faded altar of an unknown god.
  1847 | D:2      | Found Acuejut's General Store.
  1857 | D:2      | Bought a potion of heal wounds for 60 gold pieces
  2012 | D:3      | Reached XP level 4. HP: 38/40 MP: 3/3
  2051 | D:3      | Noticed Grinder
  2059 | D:3      | Noticed Terence
  2063 | D:3      | Paralysed by Grinder for 4 turns
  2068 | D:3      | Killed Grinder
  2069 | D:3      | Reached skill level 5 in Fighting
  2069 | D:3      | Reached skill level 5 in Axes
  2069 | D:3      | Reached XP level 5. HP: 23/48 MP: 4/4
  2069 | D:3      | Reached XP level 6. HP: 27/56 MP: 5/5
  2071 | D:3      | Killed Terence
  2321 | D:3      | Reached skill level 5 in Armour
  2321 | D:3      | Reached skill level 5 in Shields
  3554 | D:4      | Reached skill level 6 in Axes
  3563 | D:4      | Reached XP level 7. HP: 51/57 MP: 6/6
  4024 | D:5      | Entered Level 5 of the Dungeon
  4338 | D:5      | Noticed a hornet
  4347 | D:5      | Killed a hornet
  4348 | D:5      | Reached skill level 7 in Axes
  4348 | D:5      | Reached XP level 8. HP: 45/70 MP: 7/7
  4844 | D:5      | Found a shimmering blue altar of Sif Muna.
  4974 | D:5      | Reached skill level 8 in Axes
  5162 | D:5      | Found a broken altar of Ashenzari.
  5738 | D:6      | Reached skill level 9 in Axes
  5972 | D:6      | Reached XP level 9. HP: 79/79 MP: 8/8
  5981 | D:6      | Noticed Pikel
  6003 | D:6      | Slain by Pikel

Illustrated notes

Levels and vault maps discovered:
D:1:      mainiacjoe_arrival_reflecting_pool, layout_loops_corners,
          serial_bayou_ford_a, minmay_tromino_i2
D:2:      layout_loops_cross, shapermc_ecumenical_altar_gd, serial_shops,
          nicolae_lakefront_shop, shop,
          nicolae_shop_temple_entry_statues_fountains, shop
D:3:      layout_basic, minmay_quantized, uniq_grinder, uniq_terence
D:4:      layout_basic, serial_corexii_hall, corexii_hall_statues_s,
          corexii_hall_statues_s
D:5:      layout_basic, nicolae_ashenzari_skybound, overflow_temple_1_default,
          dk_noncrumbling_3, minmay_tree_intersection
D:6:      layout_loops_cross, minmay_temple_entry_trees, uniq_pikel

Skill      XL: |  1  2  3  4  5  6  7  8 |
---------------+-------------------------+-----
Axes           | 3 5 6 7 9 |  9.2
Fighting       | 4 5 6 7 |  7.3
Armour         | 4 5 6 7 |  7.2
Shields        | 4 5 6 7 |  7.2

Action                   |  1- 3 |  4- 6 |  7- 9 || total
-------------------------+-------+-------+-------++-------
Melee: War axe           |    99 |    46 |       ||   145
       Headbutt          |    14 |    17 |    45 ||    76
       Hand axe          |       |    12 |   178 ||   190
  Use: Potion            |       |     2 |     1 ||     3
Armor: Scale mail        |    14 |       |       ||    14
       Chain mail        |    38 |    10 |       ||    48
       Plate armour      |       |    16 |    75 ||    91
Dodge: Dodged            |    39 |    10 |    21 ||    70
Block: Kite shield       |    59 |    35 |    76 ||   170

Table legend: (Time is in decaauts)
 A = Elapsed time spent in this place.
 B = Non-inter-level travel time spent in this place.
 C = Inter-level travel time spent in this place.
 D = Time resting spent in this place.
 E = Time spent auto-exploring this place.
 F = Levels seen in this place.
 G = Mean time per level.
                   A        B        C        D        E       F      G
               +--------+--------+--------+--------+--------+-----+--------+
         Total |   6108 |   6037 |     71 |   1427 |   3857 |   6 | 1018.0 |
       Dungeon |   6108 |   6037 |     71 |   1427 |   3857 |   6 | 1018.0 |
               +--------+--------+--------+--------+--------+-----+--------+

Top non-repeatable levels by time:
     D:5: 1703 daAuts
     D:1: 1338 daAuts
     D:4: 1160 daAuts
     D:3: 971 daAuts
     D:2: 645 daAuts
     D:6: 288 daAuts
